 Dungeon Crawl Stone Soup version 0.29.1 (webtiles) character file.

Game seed: 15199531524198047230

2082 Powertoast the Cleaver (level 9, -1/85 HPs)
             Began as a Hill Orc Monk on Sept 13, 2022.
             Was a Priest of the Shining One.
             Shot with an arrow by a centaur (14 damage)
             ... on level 6 of the Dungeon.
             The game lasted 00:16:54 (5914 turns).

Powertoast the Cleaver (Hill Orc Monk)              Turns: 5914, Time: 00:16:55

Health: -1/85      AC:  6    Str: 22    XL:     9   Next: 27%
Magic:  12/12      EV: 10    Int: 10    God:    the Shining One [***...]
Gold:   378        SH:  5    Dex: 15    Spells: 8/8 levels left

rFire   + . .      SeeInvis .   y - +1 war axe
rCold   . . .      Faith    .   (no shield)
rNeg    + . .      Spirit   .   m - +0 scale mail
rPois   .          Reflect  +   (no helmet)
rElec   .          Harm     .   (no cloak)
rCorr   .          Rampage  .   (no gloves)
Will    .....                   (no boots)
Stlth   ..........              t - amulet of reflection
HPRegen 0.24/turn               E - +6 ring of strength
MPRegen 0.13/turn               i - ring of protection from fire

@: lethally poisoned (-1 -> -3), glowing
A: no striking features
a: Renounce Religion, Divine Shield, Cleansing Flame


You were on level 6 of the Dungeon.
You worshipped the Shining One.
The Shining One was most pleased with you.
You visited 1 branch of the dungeon, and saw 6 of its levels.

You collected 378 gold pieces.

Inventory:

Hand Weapons
 a - a +0 hand axe
 l - a +1 vorpal flail
 y - a +1 war axe (weapon)
Missiles
 e - 11 javelins
 j - 6 poisoned darts
 k - 11 atropa-tipped darts (quivered)
 A - 2 throwing nets
Armour
 b - a +0 robe
 m - a +0 scale mail (worn)
Jewellery
 i - a ring of protection from fire (right hand)
 t - an amulet of reflection (around neck)
 E - a +6 ring of strength (left hand)
Wands
 n - a wand of mindburst (22)
Scrolls
 d - a scroll of immolation
 f - 3 scrolls of blinking {unknown}
 g - a scroll of teleportation
 h - 2 scrolls of amnesia
 p - 2 scrolls of fear {unknown}
 u - a scroll of poison
 w - 2 scrolls of vulnerability {unknown}
 B - a scroll of magic mapping {unknown}
 C - a scroll of enchant armour {unknown}
 D - a scroll of fog {unknown}
Potions
 c - a potion of ambrosia
 o - 3 potions of curing {unknown}
 q - 2 potions of heal wounds {unknown}
 r - a potion of lignification {unknown}
 s - a potion of degeneration {unknown}
 v - a potion of haste {unknown}
 x - 2 potions of resistance {unknown}
 z - a potion of flight {unknown}


   Skills:
 * Level 9.6 Fighting
 - Level 10.0 Axes
 + Level 4.0 Throwing
 - Level 2.4 Dodging
 - Level 1.5 Stealth
 - Level 5.0 Invocations


You had 8 spell levels left.
You didn't know any spells.
Your spell library contained the following spells:

 Spells                   Type           Power      Damage    Failure   Level
 Apportation              Tloc           0%         N/A       71%         1
 Necrotise                Necr           0%         1d4       71%         1
 Sting                    Tmut/Pois      0%         1d3       71%         1
 Summon Small Mammal      Summ           0%         N/A       71%         1
 Poisonous Vapours        Pois/Air       0%         N/A       85%         2
 Dazzling Flash           Conj/Hex       0%         N/A       97%         3
 Iskenderun's Mystic Bla  Conj/Tloc      0%         2d3       100%        4
 Olgreb's Toxic Radiance  Pois           0%         N/A       100%        4
 Starburst                Conj/Fire      0%         6d3       100%        6


Dungeon Overview and Level Annotations

Branches:
Dungeon (6/15)             Temple (0/1) D:5

Altars:
Zin
The Shining One

Shops:
D:5 [


Message History

The scorpion poisons you!
You hit the scorpion but do no damage.
The scorpion is moderately wounded.
You feel very sick. You block the scorpion's attack.
You barely miss the scorpion.
The scorpion is moderately wounded.
You feel sick. The scorpion stings you.
You are more poisoned.
The scorpion poisons you!
You hit the scorpion.
The scorpion is heavily wounded.
You feel very sick. The scorpion barely misses you.
You hit the scorpion but do no damage.
The scorpion is heavily wounded.
You feel very sick.
An adder comes into view.
The scorpion closely misses you.
The adder hisses angrily.
You slash the scorpion!
You kill the scorpion!
You feel very sick.
A centaur comes into view. It is wielding a +0 club.
You feel sick.
The centaur unwields a +0 club.
The centaur wields a +0 shortbow.
The centaur shoots an arrow.
The arrow hits you!
You feel sick. The adder bites you but does no damage.
You barely miss the adder.
You feel sick. The adder bites you. The adder closely misses you.
You slash the adder!
You kill the adder!
You feel sick.
The centaur shoots an arrow.
The arrow hits you!
The centaur shoots an arrow.
The arrow hits you.
* * * LOW HITPOINT WARNING * * *
You feel sick.
The centaur shoots an arrow.
The arrow closely misses you.
You feel sick.
The centaur shoots an arrow.
The arrow hits you!
* * * LOW HITPOINT WARNING * * *
The centaur shoots an arrow.
The arrow hits you!
You die...

..).....# ###.....#
.##.....# .##)....#
.##.....#
.#....##########
...............# #####
##.##.###.####.##....#
##.##.# #.##....@.#
##.##.# #.#..#..#.#
....#.# #.#.#..#..#
#####.# #.....#...c...
..# ###..# .#.....#
### #.# #..#...# #.
..###.# # #.. .# .#.


You could see a centaur.

Vanquished Creatures
  A two-headed ogre (D:6)
  2 water moccasins
  An orc warrior (D:6)
  A black bear (D:5)
  2 ice beasts (D:6)
  A phantom (D:4)
  2 necrophages
  3 scorpions
  2 orc priests
  A jelly (D:3)
  3 hounds
  3 iguanas
  4 orc wizards
  2 gnolls (D:5)
  8 adders
  A white imp (D:4)
  A worm (D:2)
  2 dart slugs
  13 orcs
  9 endoplasms
  2 giant cockroaches (D:2)
  2 goblins
  6 hobgoblins
  5 jackals
  3 quokkas
  A ball python (D:1)
  6 bats
  3 frilled lizards
  9 kobolds
  9 rats
108 creatures vanquished.

Notes
Turn   | Place    | Note
-------+----------+-------------------------------------------
     0 | D:1      | Powertoast the Hill Orc Monk began the quest for the Orb.
     0 | D:1      | Reached XP level 1. HP: 19/19 MP: 1/1
   216 | D:1      | Reached XP level 2. HP: 24/26 MP: 2/2
   370 | D:1      | Reached skill level 5 in Axes
  1003 | D:1      | Reached XP level 3. HP: 30/33 MP: 3/3
  1078 | D:1      | Found a faded altar of an unknown god.
  1080 | D:1      | Prayed at the altar of an unknown god.
  1080 | D:1      | Became a worshipper of the Shining One
  1080 | D:1      | Reached * piety under the Shining One
  1080 | D:1      | Reached ** piety under the Shining One
  1455 | D:2      | Found a glowing silver altar of Zin.
  1975 | D:2      | Reached skill level 5 in Fighting
  2092 | D:3      | Reached XP level 4. HP: 42/42 MP: 4/4
  2097 | D:3      | Reached skill level 1 in Invocations
  2512 | D:3      | Reached *** piety under the Shining One
  2518 | D:3      | Reached XP level 5. HP: 35/48 MP: 5/7
  2998 | D:4      | Reached skill level 5 in Invocations
  3169 | D:4      | Reached XP level 6. HP: 32/56 MP: 9/9
  3766 | D:5      | Entered Level 5 of the Dungeon
  3766 | D:5      | Found a staircase to the Ecumenical Temple.
  3810 | D:5      | Reached skill level 6 in Axes
  3951 | D:5      | Noticed a water moccasin
  3964 | D:5      | Killed a water moccasin
  3965 | D:5      | Reached skill level 7 in Axes
  3965 | D:5      | Reached XP level 7. HP: 40/63 MP: 7/10
  4393 | D:5      | Reached skill level 8 in Axes
  4393 | D:5      | Reached skill level 1 in Throwing
  4778 | D:5      | Found Kioter's Armour Boutique.
  4929 | D:6      | Reached XP level 8. HP: 71/71 MP: 11/11
  5009 | D:6      | Reached skill level 9 in Axes
  5265 | D:6      | Noticed a two-headed ogre
  5280 | D:6      | Killed a two-headed ogre
  5281 | D:6      | Reached skill level 10 in Axes
  5281 | D:6      | Reached XP level 9. HP: 57/83 MP: 12/12
  5914 | D:6      | Shot with an arrow by a centaur

Illustrated notes

Levels and vault maps discovered:
D:1:      minmay_arrival_three_doors, layout_loops_ring,
          chequers_ecumenical_altar_twisty
D:2:      layout_basic, basic_altar
D:3:      layout_rooms
D:4:      layout_gridville, minmay_misc_feat_cross, kennysheep_generic_room_3
D:5:      layout_rooms, minmay_temple_entry_offerings, serial_shops,
          nicolae_shop_waterfront, minmay_starry_boxes
D:6:      layout_basic, minmay_misc_feat_diagonals

Skill      XL: |  1  2  3  4  5  6  7  8  9 |
---------------+----------------------------+-----
Axes           | 5 7 8 10 | 10.0
Fighting       | 4 5 6 9 |  9.6
Invocations    | 3 5 |  5.0
Throwing       | 1 3 4 |  4.0
Dodging        | |  2.4
Stealth        | |  1.5

Action                   |  1- 3 |  4- 6 |  7- 9 || total
-------------------------+-------+-------+-------++-------
Melee: Hand axe          |    78 |       |       ||    78
       Flail             |    40 |    71 |       ||   111
       Punch             |       |     1 |     1 ||     2
       War axe           |       |    29 |   114 ||   143
Throw: Dart              |     3 |       |    11 ||    14
       Javelin           |       |       |     3 ||     3
Invok: Divine Shield     |       |     1 |     1 ||     2
       Cleansing Flame   |       |       |     1 ||     1
  Use: Scroll            |       |     5 |     1 ||     6
       Potion            |       |       |     1 ||     1
 Stab: Sleeping          |     2 |       |       ||     2
Armor: Robe              |    16 |       |       ||    16
       Scale mail        |    16 |    33 |    32 ||    81
Dodge: Dodged            |    66 |    31 |    53 ||   150
Block: Other             |       |    13 |    24 ||    37
       Reflection        |       |       |     3 ||     3
